 Dungeon Crawl Stone Soup version 0.18-a0-844-g9229740 (webtiles) character file.

81 JokEr the Charlatan (level 4, -1/34 HPs)
             Began as a Formicid Artificer on Dec 18, 2015.
             Slain by JokEr's ghost (3 damage)
             ... on level 3 of the Dungeon.
             The game lasted 00:06:31 (2225 turns).

JokEr the Charlatan (Formicid Artificer)            Turns: 2225, Time: 00:06:31

Health: -1/34      AC: 11    Str: 16    XL:     4   Next: 68%
Magic:  6/6        EV:  4    Int: 12    God:
Gold:   187        SH:  0    Dex: 11    Spells: 0 memorised, 3 levels left

rFire  . . .     SeeInvis +     i - +2 dagger (speed)
rCold  . . .     Gourm    .     q - +0 plate armour
rNeg   . . .     Faith    .     (no shield)
rPois  +         Spirit   .     (helmet unavailable)
rElec  .         Dismiss  .     (no cloak)
rCorr  .         Reflect  .     g - +0 pair of gloves
SustAt .         Harm     .     (no boots)
MR     .....                    (no amulet)
Stlth  ..........               (no ring)
                                o - ring of poison resistance

@: not resistant to hostile enchantments, extremely unstealthy
A: permanent stasis, dig shafts and tunnels, four strong arms, antennae 3
a: Dig, Shaft Self


You were on level 3 of the Dungeon.
You were not hungry.

You visited 1 branch of the dungeon, and saw 3 of its levels.

You collected 187 gold pieces.

Inventory:

Hand Weapons
 a - a +0 short sword
 i - a +2 dagger of speed (weapon)
Armour
 g - a +0 pair of gloves (worn)
 q - a +0 plate armour (worn)
Jewellery
 o - a ring of poison resistance (left hand)
Wands
 b - a wand of random effects (18)
 c - a wand of flame (15)
 d - a wand of enslavement (15)
 e - a wand of random effects (15)
Scrolls
 p - a scroll of magic mapping
 s - a scroll of remove curse
 v - 2 scrolls of noise
Potions
 l - a potion of agility {unknown}
Comestibles
 f - 2 bread rations
 h - a chunk of flesh
 j - 7 fruits
 m - 2 meat rations
 n - a beef jerky


   Skills:
 + Level 2.8 Fighting
 + Level 2.3 Short Blades
 - Level 1.7 Dodging
 + Level 3.1 Stealth
 - Level 3.2 Evocations


You had 3 spell levels left.
You didn't know any spells.

Dungeon Overview and Level Annotations

Branches:
Dungeon (3/15)

Altars:
Makhleb
Vehumet
Xom

Annotations:
D:3 JokEr's ghost, amateur NaMo


Innate Abilities, Weirdness & Mutations

You are under a permanent stasis effect.
You can dig through walls and to a lower floor.
Your four strong arms can wield two-handed weapons with a shield.
You have a pair of large antennae on your head (SInv).


Message History

You hit JokEr's ghost.
JokEr's ghost is moderately damaged.
Your plate armour prevents you from hitting JokEr's ghost.
JokEr's ghost is moderately damaged.
JokEr's ghost barely misses you.
You hit JokEr's ghost but do no damage.
JokEr's ghost is moderately damaged.
JokEr's ghost completely misses you.
You hit JokEr's ghost but do no damage.
JokEr's ghost is moderately damaged.
You barely miss JokEr's ghost.
JokEr's ghost is moderately damaged.
JokEr's ghost hits you.
* * * LOW HITPOINT WARNING * * *
You hit JokEr's ghost.
JokEr's ghost is moderately damaged.
Your plate armour prevents you from hitting JokEr's ghost.
JokEr's ghost is moderately damaged.
JokEr's ghost hits you.
You die...

########++###############
≈≈≈≈≈≈......≈≈≈≈≈≈≈≈≈≈≈≈≈
≈≈≈≈≈≈≈.....≈≈≈≈≈≈≈≈≈≈≈≈≈
≈≈≈≈≈≈≈....≈≈≈≈≈≈≈≈≈≈≈≈≈≈
≈≈..≈≈≈......≈≈..≈.≈.≈≈≈≈
....((...................
..((((...................
....((.......#.#.#..#####
(...............@W......
#...........############
#...........#
+(..........#
#...........#
##...##...... #..# .. ..#


You could see JokEr's ghost.

Vanquished Creatures
  An adder (D:2)
  An ooze (D:1)
  2 worms
  2 giant geckos
  7 bats
  4 giant cockroaches
  9 goblins
  4 hobgoblins
  7 jackals
  A ball python (D:1)
  2 giant newts
  10 kobolds
  8 rats
58 creatures vanquished.

Notes
Turn   | Place    | Note
--------------------------------------------------------------
     0 | D:1      | JokEr the Formicid Artificer began the quest for the Orb.
     0 | D:1      | Reached XP level 1. HP: 15/15 MP: 3/3
   359 | D:1      | Reached XP level 2. HP: 21/21 MP: 4/4
   923 | D:1      | Reached XP level 3. HP: 27/27 MP: 5/5
  1089 | D:2      | Found a radiant altar of Vehumet.
  1109 | D:2      | Found a burning altar of Makhleb.
  1383 | D:2      | Reached XP level 4. HP: 25/34 MP: 6/6
  2006 | D:3      | Found a shimmering altar of Xom.
  2178 | D:3      | Noticed JokEr's ghost (amateur NaMo)
  2225 | D:3      | Slain by JokEr's ghost

Vault maps used:
D:1:      eino_arrival_druids_welcome
D:2:      grunt_temple_overflow_open, kennysheep_doodads
D:3:      minmay_goblin_kobold_castle, xom_butterflies,
          gammafunk_temple_overflow_elements, st_stairs_7

Action                   |  1- 3 |  4- 6 || total
-------------------------+-------+-------++-------
Melee: Dagger            |   146 |   134 ||   280
       Short sword       |    11 |       ||    11
  Use: Scroll            |     2 |     6 ||     8
       Potion            |       |     2 ||     2
 Stab: Sleeping          |     2 |       ||     2
       Distracted        |     1 |       ||     1
  Eat: Chunk             |     1 |     3 ||     4
